 Dungeon Crawl Stone Soup version 0.28-a0-628-g3c9886e45e (webtiles) character file.

Game seed: 14787009658731680387

351 frimble the Stinger (level 6, 0/39 HPs)
             Began as an Octopode Venom Mage on Oct 8, 2021.
             Slain by Grinder (5 damage)
             ... on level 4 of the Dungeon.
             The game lasted 00:05:21 (4547 turns).

frimble the Stinger (Octopode Venom Mage)           Turns: 4547, Time: 00:05:21

Health: 0/39       AC:  1    Str:  7    XL:     6   Next: 61%
Magic:  9/9        EV: 13    Int: 19    God:
Gold:   86         SH:  0    Dex: 13    Spells: 4/9 levels left

rFire   . . .      SeeInvis +   f - +1 dagger (holy)
rCold   . . .      Faith    .   (no shield)
rNeg    . . .      Spirit   .   (helmet restricted)
rPois   +          Reflect  .   (no amulet)
rElec   .          Harm     .   c - ring of see invisible
rCorr   .          Rampage  .   l - ring of poison resistance
Will    .....                   (no ring)
Stlth   +++.......              (no ring)
HPRegen 0.13/turn               (no ring)
MPRegen 0.11/turn               (no ring)
                                (no ring)
                                (no ring)

@: no status effects
A: almost no armour, amphibious, 8 rings, camouflage 1, gelatinous body 1,
(nimble swimmer 1), tentacles
a: no special abilities


You were on level 4 of the Dungeon.
You visited 1 branch of the dungeon, and saw 4 of its levels.

You collected 86 gold pieces.

Inventory:

Hand Weapons
 b - a +0 dagger
 d - a +2 dagger of venom
 e - a +1 dagger of electrocution
 f - a +1 dagger of holy wrath (weapon)
Jewellery
 c - a ring of see invisible (left tentacle)
 l - a ring of poison resistance (right tentacle)
Scrolls
 h - a scroll of teleportation
 i - a scroll of fog
Potions
 a - a potion of flight
 g - 3 potions of curing
 j - a potion of invisibility
 k - a potion of berserk rage {unknown}


   Skills:
 - Level 2.0 Fighting
 - Level 3.0 Short Blades
 - Level 2.0 Dodging
 - Level 4.1 Stealth
 - Level 2.0 Spellcasting
 - Level 1.0 Transmutations
 + Level 6.6 Poison Magic


You had 4 spell levels left.
You knew the following spells:

 Your Spells              Type           Power      Damage    Failure   Level
a - Sting                 Tmut/Pois      64%        1d6       3%          1
b - Olgreb's Toxic Radia  Pois           27%        N/A       11%         4

Your spell library contained the following spells:

 Spells                   Type           Power      Damage    Failure   Level
 Poisonous Vapours        Pois/Air       28%        N/A       6%          2
 Mephitic Cloud           Conj/Pois/Air  10%        N/A       21%         3
 Ensorcelled Hibernation  Hex/Ice        2%         N/A       26%         2
 Portal Projectile        Hex/Tloc       2%         N/A       45%         3
 Tukima's Dance           Hex            1%         N/A       45%         3
 Blade Hands              Tmut           2%         N/A       97%         5
 Excruciating Wounds      Necr           0%         N/A       99%         5


Dungeon Overview and Level Annotations

Branches:
Dungeon (4/15)
 Temple: D:4-7

Altars:
Fedhas
Vehumet

Annotations:
D:3 3 runed translucent doors, ClownBaby's ghost, amateur MiFi
D:4 Grinder


Innate Abilities, Weirdness & Mutations

You cannot wear most types of armour.
You are amphibious.
You can wear up to eight rings at the same time.
Your skin changes colour to match your surroundings (Stealth+).
Your rubbery body absorbs attacks. (AC +1, EV +1)
((You are camouflaged near water. (Stealth+)))
You have tentacles for arms and can constrict up to eight enemies at once.


Message History

Grinder barely misses you.
Things that are here:
a +0 dagger; a goblin corpse You hit Grinder.
Your grab misses Grinder.
Grinder is lightly wounded.
Grinder completely misses you.
Your +2 dagger of venom stops dripping with poison.
Your +1 dagger of holy wrath softly glows with a divine radiance!
f - a +1 dagger of holy wrath (weapon)
Grinder hits you.
You writhe in agony.
You hit Grinder but do no damage. You grab Grinder.
Grinder is lightly wounded.
You constrict Grinder. Grinder closely misses you.
l - a ring of poison resistance (right tentacle)
You constrict Grinder, but do no damage.
You hit Grinder.
Grinder convulses.
Grinder is lightly wounded.
You constrict Grinder, but do no damage.
Grinder hits you.
You writhe in agony.
You hit Grinder.
Grinder convulses.
Grinder is moderately wounded.
You constrict Grinder. Grinder barely misses you.
You hit Grinder.
Grinder convulses.
Grinder is moderately wounded.
You constrict Grinder. Grinder hits you.
You writhe in agony.
You barely miss Grinder. You squeeze Grinder.
Grinder is heavily wounded.
You constrict Grinder. Grinder barely misses you.
You hit Grinder but do no damage. Your squeeze misses Grinder.
Grinder is heavily wounded.
You constrict Grinder. You hit Grinder but do no damage.
You squeeze Grinder, but do no damage.
Grinder is heavily wounded.
You constrict Grinder. Grinder misses you.
You hit Grinder but do no damage.
Grinder is heavily wounded.
You constrict Grinder. Grinder hits you!
* * * LOW HITPOINT WARNING * * *
You writhe in agony.
You die...

#.....##.))##....##.....
###....#......#..#......
#.#..##...#...##......
####.#...##>..##.....#
###...#<..#..........#
##.#...#..##...........
##.....##......###......
##....#.5......#.###.#...
##......#@................
#...................##....
#.#####...................
#.# #......((.####....##
#.# ##......... ###....
#.# ........... ###..
#.######>......... ##
#.#....#..........
#.'.#..#....^.##


You could see Grinder.

Vanquished Creatures
  An ogre (D:4)
  2 scorpions (D:4)
  A hound (D:3)
  Robin (D:3)
  2 adders
  An ufetubus (D:3)
  A dart slug (D:1)
  3 orcs
  5 bats
  7 endoplasms
  4 giant cockroaches
  8 hobgoblins
  3 jackals (D:1)
  2 quokkas
  5 ball pythons
  3 frilled lizards
  16 goblins
  5 kobolds
  5 rats
75 creatures vanquished.

Vanquished Creatures (others)
  8 plants
8 creatures vanquished.

Grand Total: 83 creatures vanquished

Notes
Turn   | Place    | Note
-------+----------+-------------------------------------------
     0 | D:1      | frimble the Octopode Venom Mage began the quest for the
                  | Orb.
     0 | D:1      | Reached XP level 1. HP: 11/11 MP: 3/3
   339 | D:1      | Reached XP level 2. HP: 17/17 MP: 3/5
   348 | D:1      | Reached skill level 1 in Short Blades
   348 | D:1      | Reached skill level 4 in Poison Magic
  1069 | D:1      | Reached XP level 3. HP: 21/21 MP: 4/6
  2051 | D:2      | Found a radiant altar of Vehumet.
  2354 | D:2      | Found a faded altar of an unknown god.
  2407 | D:3      | Noticed Robin
  2417 | D:3      | Killed Robin
  2418 | D:3      | Reached XP level 4. HP: 12/27 MP: 3/7
  2747 | D:3      | Noticed ClownBaby's ghost (amateur MiFi)
  2750 | D:3      | Found a runed translucent gate.
  2750 | D:3      | Found a runed translucent gate.
  2750 | D:3      | Found a runed translucent gate.
  3779 | D:3      | Reached skill level 5 in Poison Magic
  3779 | D:3      | Reached XP level 5. HP: 24/31 MP: 8/8
  4046 | D:4      | Found a blossoming altar of Fedhas.
  4121 | D:4      | Learned a level 4 spell: Olgreb's Toxic Radiance
  4306 | D:4      | Noticed an ogre
  4318 | D:4      | Reached skill level 1 in Fighting
  4325 | D:4      | Killed an ogre
  4326 | D:4      | Reached skill level 6 in Poison Magic
  4326 | D:4      | Reached XP level 6. HP: 39/39 MP: 4/9
  4529 | D:4      | Noticed Grinder
  4547 | D:4      | Slain by Grinder

Illustrated notes

Levels and vault maps discovered:
D:1:      minmay_arrival_stair_chambers, layout_basic, serial_forest,
          infiniplex_forest_clump_medium, infiniplex_forest_lined_2,
          infiniplex_forest_clump_small, infiniplex_forest_end_2,
          infiniplex_forest_lined_3, minivault_26
D:2:      layout_rooms, basic_altar, shapermc_ecumenical_altar_starsandcircs,
          serial_bayou_ford_a, hex_tiny, minmay_tall_x, uniq_natasha
D:3:      layout_loops_ring, gammafunk_ghost_split, grunt_decor_clamped,
          minmay_misc_feat_enclosed, uniq_robin
D:4:      minmay_evil_eye, layout_cave_pools, fedhas_ov_isle_minmay,
          minmay_misc_feat_x, kennysheep_generic_room_14, uniq_grinder

Skill      XL: |  1  2  3  4  5 |
---------------+----------------+-----
Short Blades   | 1 2 3 |  3.0
Poison Magic   | 4 5 6 |  6.6
Stealth        | 3 4 |  4.1
Fighting       | 2 |  2.0
Dodging        | |  2.0
Spellcasting   | |  2.0
Transmutations | |  1.0

Action                   |  1- 3 |  4- 6 || total
-------------------------+-------+-------++-------
Melee: Dagger            |    83 |    72 ||   155
       Constrict         |    19 |    13 ||    32
       Unarmed           |     2 |       ||     2
       Tentacles         |    10 |    11 ||    21
 Cast: Sting             |    21 |     7 ||    28
       Olgreb's Toxic Ra |       |     1 ||     1
  Use: Scroll            |     8 |     5 ||    13
 Stab: Sleeping          |     6 |     6 ||    12
       Distracted        |       |     1 ||     1
Armor: Skin              |     8 |     5 ||    13
Dodge: Dodged            |    60 |    34 ||    94

Table legend: (Time is in decaauts)
 A = Elapsed time spent in this place.
 B = Non-inter-level travel time spent in this place.
 C = Inter-level travel time spent in this place.
 D = Time resting spent in this place.
 E = Time spent auto-exploring this place.
 F = Levels seen in this place.
 G = Mean time per level.
                   A        B        C        D        E       F      G
               +--------+--------+--------+--------+--------+-----+--------+
         Total |   4529 |   4458 |     71 |      0 |   3915 |   4 | 1132.2 |
       Dungeon |   4529 |   4458 |     71 |      0 |   3915 |   4 | 1132.2 |
               +--------+--------+--------+--------+--------+-----+--------+

Top non-repeatable levels by time:
     D:1: 2013 daAuts
     D:3: 1540 daAuts
     D:4: 618 daAuts
     D:2: 356 daAuts
